Map: Automaton LE

Players

Bly

  • Race: Zerg Zerg
  • League: Master
  • Spawn Location: 9:00

Lambo - Winner!

  • Race: Zerg Zerg
  • League: Grandmaster
  • Spawn Location: 3:00

VOD

Have the link to the VOD?

Description

Time

  • Played on: Feb. 1, 2019, 7:01 a.m.
  • Length: 8:44
Show
View Real Time Build Order
Export as new Build Order

Bly Zerg 

Build Orders: Hatch First 

Get SALT Encoding   

  12  0:02  Drone  
  13  0:14  Overlord  
  13  0:18  Drone  
  14  0:32  Drone x2  
  16  0:50  Hatchery  
  16  0:54  Drone  
  16  0:57  Drone  
  17  1:05  Drone  
  18  1:12  Extractor  
  18  1:16  Spawning Pool  
  16  1:23  Drone x2  
  18  1:30  Drone  
  19  1:47  Overlord  
  19  1:59  Drone  
  20  2:03  Drone x2, Queen x2  
  26  2:14  Drone x2  
  28  2:16  Metabolic Boost  
  28  2:24  Zergling x2  
  29  2:37  Hatchery  
  29  2:40  Zergling x2  
  29  2:46  Zergling x2  
  30  2:52  Baneling Nest  
  30  2:57  Overlord  
  29  3:10  Drone x2  
  29  3:11  Drone x2  
  29  3:12  Queen  
  34  3:19  Drone  
  35  3:20  Drone x2  
  37  3:29  Zergling x6  
  37  3:31  Zergling x2  
  37  3:33  Zergling x2  
  42  3:39  Baneling x2  
  42  3:43  Drone  
  42  3:44  Drone  
  42  3:45  Overlord  
  44  3:49  Overlord  
  44  3:51  Baneling  
  44  3:57  Overlord  
  44  3:59  Drone x2  
  44  4:00  Drone  
  46  4:11  Drone x6  
  46  4:15  Extractor  
  51  4:22  Drone x3  
  54  4:24  Drone x3  
  57  4:34  Evolution Chamber  
  56  4:39  Extractor  
  56  4:40  Zergling x12  
  61  4:47  Baneling x2  
  61  4:50  Drone x4  
  61  4:51  Drone x2  
  61  4:52  Drone  
  68  4:53  Drone  
  68  4:54  Drone x2  
  71  5:00  Zerg Melee Weapons Level 1  
  71  5:01  Baneling x2  
  70  5:16  Zergling x2  
  70  5:17  Zergling x6  
  70  5:18  Overlord  
  74  5:21  Overlord x2  
  74  5:22  Overlord  
  74  5:23  Overlord  
  74  5:24  Lair  
  74  5:25  Extractor  
  73  5:31  Drone  
  73  5:35  Overlord  
  73  5:37  Drone  
  73  5:40  Roach Warren  
  73  5:42  Baneling x2  
  73  5:47  Baneling x3  
  73  5:48  Baneling x3  
  73  5:52  Drone  
  73  5:53  Drone x10  
  84  5:58  Drone  
  84  5:59  Drone x2  
  82  6:05  Drone x2  
  82  6:06  Drone x3  
  82  6:08  Extractor x2  
  83  6:23  Zergling x8  
  81  6:27  Spire  
  81  6:29  Zergling x10  
  85  6:34  Queen x2  
  85  6:35  Hatchery  
  85  6:37  Zergling x8  
  92  6:42  Baneling x3  
  92  6:51  Overlord  
  92  6:52  Drone  
  47  7:50  Baneling, Mutalisk x5  
  47  7:51  Mutalisk x4  
  65  7:59  Zergling x10  
  69  8:08  Zergling x10  
  85  8:29  Hatchery  
  86  8:34  Hatchery  
Show
View Real Time Build Order
Export as new Build Order

Lambo Zerg - Winner!

Build Orders: Hatch First 

Get SALT Encoding   

  12  0:00  Drone  
  13  0:12  Overlord  
  13  0:17  Drone  
  14  0:32  Drone x2  
  16  0:50  Hatchery  
  16  0:53  Drone  
  16  0:56  Drone  
  17  0:59  Drone  
  18  1:10  Extractor  
  17  1:15  Spawning Pool  
  16  1:19  Drone  
  16  1:21  Drone  
  18  1:29  Drone  
  19  1:39  Drone  
  20  1:53  Overlord  
  20  2:01  Queen  
  20  2:02  Queen  
  20  2:03  Zergling x4  
  26  2:11  Metabolic Boost  
  26  2:14  Drone  
  26  2:15  Drone  
  28  2:23  Drone  
  28  2:24  Drone  
  30  2:38  Hatchery  
  30  2:43  Drone x2  
  31  2:45  Drone  
  32  2:51  Baneling Nest  
  32  2:55  Drone  
  32  2:56  Drone  
  33  3:02  Overlord  
  33  3:10  Zergling x4  
  34  3:19  Zergling x2  
  35  3:20  Drone x2  
  35  3:21  Drone x2  
  35  3:24  Evolution Chamber, Drone  
  35  3:26  Drone  
  40  3:32  Drone  
  41  3:38  Drone x2  
  43  3:48  Overlord  
  43  3:49  Queen  
  43  3:51  Drone x2, Zerg Melee Weapons Level 1  
  43  3:54  Extractor x2  
  43  3:55  Drone  
  46  3:57  Zergling x2  
  47  4:03  Zergling x4  
  48  4:11  Lair  
  48  4:12  Drone x3  
  48  4:14  Zergling x2  
  48  4:15  Zergling x2  
  53  4:19  Drone x2  
  53  4:22  Drone  
  53  4:23  Drone  
  57  4:24  Overlord  
  57  4:32  Overlord  
  57  4:36  Extractor  
  55  4:39  Drone x2, Overlord  
  55  4:43  Drone x4  
  61  4:49  Drone  
  61  4:50  Drone x2  
  61  4:52  Drone x2  
  66  4:55  Drone  
  67  5:02  Drone x3  
  70  5:07  Drone x3  
  70  5:11  Spore Crawler  
  73  5:16  Baneling x2  
  73  5:19  Drone x3  
  76  5:22  Zergling x10  
  76  5:23  Extractor  
  76  5:24  Extractor  
  76  5:27  Spire  
  78  5:30  Baneling x3  
  78  5:37  Zergling x8  
  82  5:51  Overlord  
  82  5:52  Overlord  
  82  5:55  Overlord  
  82  5:58  Baneling x2  
  81  6:04  Zerg Melee Weapons Level 2  
  81  6:06  Zergling x2  
  81  6:07  Zergling x6  
  81  6:08  Baneling x7  
  80  6:21  Queen  
  77  6:29  Drone  
  78  6:41  Hatchery  
  78  6:42  Mutalisk x10  
  96  6:56  Zergling x6  
  96  6:58  Overlord x2  
  99  7:02  Overlord  
  99  7:08  Overlord  
  98  7:10  Overlord  
  98  7:15  Baneling x3, Mutalisk x4  
  97  7:17  Zergling x10  
  104  7:23  Baneling x2, Zergling x8  
  104  7:27  Zergling x2  
  104  7:28  Zergling x2  
  101  7:38  Zergling x10  
  101  7:44  Zergling x2  
  101  7:51  Mutalisk x5  
  102  7:57  Mutalisk  
  114  8:05  Overlord  
  114  8:10  Overlord  
  114  8:11  Mutalisk  
  114  8:12  Mutalisk  
Tags
 
Add a new tag
Caveats
  • Supply blocks, unpowered buildings, or Contaminate may cause inaccurate times.
  • Supply counts are checked every 10 seconds.